Map: Habitation Station LE (Void)

Players

Musumeci

  • Race: Zerg Zerg
  • League: Diamond
  • Spawn Location: 1:00

llllllllllll - Winner!

  • Race: Terran Terran
  • League: Diamond
  • Spawn Location: 11:00

VOD

Have the link to the VOD?

Description

Time

  • Played on: Jan. 6, 2017, 7:52 a.m.
  • Length: 8:51
Show
View Real Time Build Order
Export as new Build Order

Musumeci Zerg 

Build Orders: 3 Hatch before Pool 

Get SALT Encoding   

  12  0:01  Drone  
  13  0:08  Drone  
  14  0:14  Extractor  
  14  0:16  Drone  
  15  0:39  Hatchery  
  15  0:45  Hatchery  
  15  0:49  Extractor  
  13  0:50  Drone  
  15  1:07  Spawning Pool  
  14  1:20  Extractor  
  14  1:22  Extractor  
  14  1:25  Drone x2  
  13  1:27  Overlord  
  16  1:50  Drone x2  
  17  2:04  Queen  
  17  2:05  Queen  
  17  2:07  Drone x2  
  23  2:09  Drone  
  23  2:11  Drone  
  25  2:20  Drone x2  
  27  2:29  Overlord  
  27  2:33  Drone  
  28  2:46  Queen x2  
  28  2:48  Drone x2  
  34  2:52  Overlord  
  34  2:57  Drone  
  35  3:01  Drone  
  36  3:11  Drone  
  36  3:12  Drone  
  38  3:13  Drone x3  
  38  3:18  Drone x3  
  44  3:29  Extractor  
  44  3:30  Drone, Extractor  
  44  3:31  Drone, Roach Warren  
  43  3:40  Evolution Chamber  
  43  3:41  Evolution Chamber  
  41  3:50  Hatchery  
  40  4:02  Drone  
  41  4:03  Drone x3  
  41  4:07  Overlord  
  41  4:09  Overlord  
  44  4:11  Overlord  
  44  4:26  Roach x4  
  54  4:31  Roach  
  54  4:36  Drone x2  
  56  4:40  Lair  
  56  4:43  Drone  
  56  4:44  Extractor  
  58  4:45  Roach  
  58  4:58  Spore Crawler  
  57  5:01  Spore Crawler  
  57  5:02  Spore Crawler  
  57  5:03  Roach x4, Spore Crawler  
  58  5:27  Drone x3  
  61  5:29  Overlord x3  
  61  5:32  Spore Crawler  
  60  5:39  Spore Crawler  
  59  5:56  Spore Crawler  
  58  5:57  Ravager x2  
  58  5:58  Ravager  
  56  6:06  Drone x6  
  56  6:09  Zerg Missile Weapons Level 1  
  58  6:12  Drone x3  
  60  6:24  Spawning Pool  
  45  6:34  Roach x3  
  46  6:58  Drone x8  
  54  7:08  Roach x7  
  62  7:09  Roach  
  62  7:10  Drone x2  
  72  7:27  Extractor  
  71  7:30  Drone x2  
  71  7:31  Drone  
  71  7:33  Drone x5  
  79  7:46  Queen  
  81  7:59  Drone  
  81  8:00  Overlord  
  81  8:01  Overlord x3  
  82  8:26  Roach x7  
  82  8:27  Roach x2  
  100  8:30  Ravager  
  99  8:39  Ravager  
Show
View Real Time Build Order
Export as new Build Order

llllllllllll Terran - Winner!

Build Orders: MMM Bio 

Get SALT Encoding   

  12  0:00  SCV  
  13  0:12  SCV  
  14  0:18  Supply Depot  
  14  0:25  SCV  
  15  0:40  SCV  
  15  0:41  Barracks  
  16  0:52  SCV  
  17  1:04  SCV  
  18  1:05  Refinery  
  18  1:16  SCV  
  19  1:28  Orbital Command, Marine  
  20  1:39  Command Center  
  20  1:48  Barracks Reactor  
  20  1:56  SCV  
  21  2:04  Barracks  
  21  2:08  SCV  
  22  2:09  Supply Depot  
  22  2:20  SCV  
  22  2:21  Refinery  
  23  2:30  Marine x2  
  23  2:32  SCV  
  23  2:34  Factory  
  26  2:44  SCV  
  26  2:51  Barracks Tech Lab  
  27  2:54  Orbital Command  
  27  2:56  SCV  
  28  3:08  SCV  
  28  3:09  Stimpack  
  28  3:10  Marine x3  
  31  3:20  SCV x2  
  31  3:24  Starport  
  31  3:26  Factory Reactor  
  33  3:29  Marine x2  
  33  3:31  Marine  
  33  3:34  SCV  
  37  3:35  SCV  
  37  3:40  Supply Depot  
  38  3:47  Marine x2  
  40  3:49  SCV, Marine  
  40  3:51  SCV  
  43  3:56  Supply Depot  
  43  4:02  SCV  
  44  4:03  SCV  
  44  4:08  Medivac  
  36  4:10  Medivac  
  47  4:12  Widow Mine  
  47  4:16  Marine x2  
  53  4:18  Marine  
  53  4:21  SCV x2  
  56  4:26  Supply Depot  
  56  4:33  SCV, Engineering Bay  
  56  4:34  SCV  
  58  4:38  Medivac  
  58  4:41  Widow Mine  
  62  4:48  Marine x3  
  62  4:50  Bunker, SCV  
  62  4:51  SCV  
  67  4:54  Supply Depot  
  67  4:59  Refinery  
  67  5:03  SCV x2  
  67  5:06  Marine  
  70  5:15  Marine x2  
  69  5:24  Marine  
  69  5:27  Combat Shields  
  68  5:29  Barracks, Terran Infantry Weapons Level 1  
  68  5:30  Barracks x2, Supply Depot  
  68  5:33  Marine x2  
  70  5:43  Marine  
  70  5:44  Factory Tech Lab  
  71  5:51  Marine  
  72  6:11  Marine x2  
  72  6:14  Siege Tank  
  72  6:15  Medivac x2  
  80  6:27  Barracks Tech Lab x3  
  80  6:31  Marine  
  80  6:32  Marine x2  
  79  6:40  Supply Depot  
  79  6:43  Supply Depot  
  79  6:46  Siege Tank  
  79  6:47  Barracks  
  79  6:48  Barracks  
  79  6:49  Barracks, Marine  
  79  6:54  Marauder x4  
  79  6:58  Refinery  
  85  7:04  SCV  
  85  7:05  SCV  
  85  7:15  Marauder, Supply Depot  
  87  7:16  Marauder x2, SCV  
  87  7:17  SCV, Marine x2  
  95  7:28  SCV  
  95  7:29  Marauder, SCV  
  99  7:36  Barracks Tech Lab x2  
  103  7:37  Marauder x3, Barracks Reactor  
  103  7:41  Supply Depot  
  105  7:45  Concussive Shells  
  105  7:50  Marauder, Marine  
  108  7:51  Marine  
  109  8:01  Supply Depot  
  109  8:03  Marauder x4  
  109  8:04  Marauder  
  109  8:05  Supply Depot  
  119  8:10  Marine x2  
  119  8:12  Marauder  
  123  8:25  Marauder x3  
  129  8:28  Marauder x2  
Tags
 
Add a new tag
Caveats
  • Supply blocks, unpowered buildings, or Contaminate may cause inaccurate times.
  • Supply counts are checked every 10 seconds.